AoeStats
← Degausser

Arabia

509598105Analyzed
1v1 RM · 6d ago on Sep 27, 2026· 40m 14s· 2 players
Game mode
Random Map
Map size
Tiny (2 player)
Population
200
Speed
Normal
Resources
Standard
Victory
Conquest
Starting age
Dark Age
Ending age
Imperial Age
RankedLock teamsTeams togetherTeam positionsShared explorationLock speedFull tech treeHidden civsTurbo modeCheats
Victory
Defeat
🇵🇱 Ethiopians · Poland
890
+37
🇫🇷 Spanish · France
855
-14
Degausser
8:02 Loom
10:33 Feudal Age
11:07 Horse Collar
11:13 Double-Bit Axe
14:08 Fletching
20:32 Castle Age
19:59 Scale Mail Armor
20:24 Forging
20:39 Crossbowman
21:59 Squires
23:48 Bodkin Arrow
24:18 Thumb Ring
27:22 Stone Mining
27:24 Gold Mining
27:51 Chain Mail Armor
29:17 Ballistics
34:54 Imperial Age
33:40 Iron Casting
33:36 Town Watch
34:27 Wheelbarrow
34:38 Wheelbarrow
34:16 Bow Saw
34:08 Heavy Plow
35:42 Bracer
35:04 Arbalester
38:19 Chemistry
37:27 Siege Engineers
38:18 Halberdier
39:27 Conscription
40:22 Hand Cart
40:08 Town Patrol
gams06
1:14 Loom
11:16 Feudal Age
15:07 Castle Age
14:57 Double-Bit Axe
18:31 Fervor
21:52 Town Watch
25:14 Wheelbarrow
29:02 Horse Collar
31:44 Bloodlines
33:39 Heavy Plow
33:58 Town Patrol
36:36 Hand Cart
37:04 Husbandry
37:13 Stone Mining
37:59 Scale Barding Armor
39:04 Forging
40:09 Chain Barding Armor
40:45 Iron Casting
Connection lost

Rejoining the realm…

Still unreachable

The connection could not be restored.

Session expired

The server has moved on; the page needs a fresh start.